 Dungeon Crawl Stone Soup version 0.29-a0-322-g68df515428 (webtiles) character file.

Game seed: 3649594740263548661

6051 Bnni the Grappler (level 10, -3/74 HPs)
             Began as an Octopode Fighter on Apr 5, 2022.
             Was an Initiate of Gozag.
             Shot with an arrow by a centaur (15 damage)
             ... on level 9 of the Dungeon.
             The game lasted 00:19:06 (12010 turns).

Bnni the Grappler (Octopode Fighter)               Turns: 12010, Time: 00:19:06

Health: -3/74      AC:  1    Str: 20    XL:     10   Next: 87%
Magic:  10/10      EV: 16    Int: 11    God:    Gozag
Gold:   1179       SH:  6    Dex: 19    Spells: 7/9 levels left

rFire   + + .      SeeInvis .     - Unarmed
rCold   . . .      Faith    .   a - +1 buckler
rNeg    . . .      Spirit   .   (helmet restricted)
rPois   .          Reflect  .   (no amulet)
rElec   .          Harm     .   n - ring of protection from fire
rCorr   .          Rampage  .   d - ring of flight
Will    +....                   v - ring of willpower
Stlth   +++.......              p - ring "Afost" {rF+ Str+4 Dex+4 Slay+2}
HPRegen 0.22/turn               (no ring)
MPRegen 0.12/turn               (no ring)
                                (no ring)
                                (no ring)

@: gold aura, flying, studying Unarmed Combat
A: almost no armour, amphibious, 8 rings, camouflage 1, gelatinous body 1,
(nimble swimmer 1), tentacles
a: Renounce Religion, Potion Petition, Call Merchant, Bribe Branch


You were on level 9 of the Dungeon.
You worshipped Gozag.
Gozag was most pleased with you.
You visited 2 branches of the dungeon, and saw 10 of its levels.
You also visited: Ossuary.

You collected 2991 gold pieces.
You spent 752 gold pieces at shops.
You paid 1060 gold pieces to Gozag.

Inventory:

Hand Weapons
 u - a +0 trident
Missiles
 r - a curare-tipped dart
 C - 20 poisoned darts (quivered)
Armour
 a - a +1 buckler (worn)
 t - an orb of light
Jewellery
 d - a ring of flight (right tentacle)
 n - a ring of protection from fire (left tentacle)
 p - the ring "Afost" (on tentacle) {rF+ Str+4 Dex+4 Slay+2}
   (You bought it in a shop on level 7 of the Dungeon)

   [ring of protection from fire]

   Str:       It affects your strength (+4).
   Dex:       It affects your dexterity (+4).
   Slay:      It affects your accuracy & damage with ranged weapons and melee
   (+2).
   rF:        It protects you from fire.
 v - a ring of willpower (on tentacle)
Wands
 j - a wand of polymorph (4)
 A - a wand of flame (42)
Scrolls
 e - 4 scrolls of fear
 f - 3 scrolls of amnesia
 g - 4 scrolls of vulnerability {unknown}
 h - 3 scrolls of enchant weapon {unknown}
 k - 2 scrolls of summoning
 o - a scroll of holy word
 s - 2 scrolls of teleportation
 x - a scroll of brand weapon
Potions
 b - a potion of might
 c - 2 potions of brilliance
 i - a potion of invisibility
 l - 3 potions of mutation
 m - 3 potions of curing
 q - 2 potions of berserk rage
 w - 2 potions of haste
 z - a potion of attraction {unknown}
 D - a potion of heal wounds
 E - a potion of flight
 H - a potion of magic


   Skills:
 + Level 9.3 Fighting
 + Level 6.2 Dodging
 - Level 3.0 Shields
 * Level 13.0 Unarmed Combat


You had 7 spell levels left.
You knew the following spells:

 Your Spells              Type           Power      Damage    Failure   Level
a - Wereblood             Tmut           0%         N/A       56%         2

Your spell library contained the following spells:

 Spells                   Type           Power      Damage    Failure   Level
 Animate Skeleton         Necr           0%         N/A       43%         1
 Pain                     Necr           0%         1d4       43%         1
 Summon Small Mammal      Summ           0%         N/A       43%         1
 Ensorcelled Hibernation  Hex/Ice        0%         N/A       56%         2
 Sublimation of Blood     Necr           0%         N/A       56%         2
 Call Canine Familiar     Summ           0%         N/A       80%         3
 Gell's Gravitas          Tloc           0%         N/A       80%         3
 Summon Guardian Golem    Hex/Summ       0%         N/A       80%         3
 Teleport Other           Tloc           0%         N/A       80%         3
 Vampiric Draining        Necr           0%         2d6       80%         3
 Summon Ice Beast         Ice/Summ       0%         N/A       99%         4
 Dispersal                Tloc           0%         N/A       100%        6
 Simulacrum               Ice/Necr       0%         N/A       100%        6
 Ozocubu's Refrigeration  Ice            0%         4d5       100%        7
 Summon Hydra             Summ           0%         N/A       100%        7


Dungeon Overview and Level Annotations

Branches:
Dungeon (9/15)             Temple (1/1) D:4            Lair (0/6) D:9
Ossuary (visited)
    Orc: D:9-12

Altars:
Ashenzari
Cheibriados
Dithmenos
Elyvilon
Fedhas
Gozag
Hepliaklqana
Kikubaaqudgha
Nemelex Xobeh
Okawaru
Qazlal
Sif Muna
Trog
Uskayaw
Vehumet
Wu Jian
Xom
Yredelemnul
Zin
The Shining One

Shops:
D:7 =   D:8 :?


Innate Abilities, Weirdness & Mutations

You cannot wear most types of armour.
You are amphibious.
You can wear up to eight rings at the same time.
Your skin changes colour to match your surroundings (Stealth+).
Your rubbery body absorbs attacks. (AC +1, EV +1)
((You are camouflaged when in or above water. (Stealth+)))
You have tentacles for arms and can constrict up to eight enemies at once.


Message History

The yak is severely wounded.
The yak barely misses you.
You tentacle-slap the yak.
The yak is almost dead.
You block the yak's attack.
You tentacle-slap the yak but do no damage.
The yak is almost dead.
A hornet comes into view.
The yak closely misses you.
The hornet buzzes angrily.
You bludgeon the yak!
You kill the yak!
You barely miss the yak.
The hornet is distracted by your dazzling golden aura.
You bludgeon the yak! You tentacle-slap the yak.
The yak is moderately wounded.
The yak misses you.
You batter the yak!!
The yak is severely wounded.
The yak gores you!
You bludgeon the yak!
You kill the yak!
The hornet is no longer distracted by gold.
The centaur shoots an arrow.
The arrow hits you! The arrow burns you.
The hornet enters a dispersal trap!
The yak blinks!
You blink.
Your Unarmed Combat skill increases to level 13!
The centaur shoots an arrow.
The arrow closely misses you.
The centaur shoots an arrow.
The arrow hits you!
The yak is distracted by your dazzling golden aura.
The yak bellows!
The centaur shoots an arrow.
The arrow completely misses you.
The centaur shoots an arrow.
You block the arrow.
The centaur shoots an arrow.
The arrow hits you!
* * * LOW HITPOINT WARNING * * *
The arrow burns you.
* * * LOW HITPOINT WARNING * * *
You see here a +0 dagger.
The centaur shoots an arrow.
The arrow hits you!
You die...
Your body crumbles into a pile of gold.

...Y....#
#.#...##......).# #Y####
#.######.#.....[#
.###§c§.## #.# ##.#......#
..^.###..# #.#
#..#......##
###....#.####.#
#.##.......#
####....c...##
#.###......# ###.###...#
#.# #......## #.#
#.#.####.# #.......### #.#
#.#.)@<#.###.......... #.#
#.####.#.##.....)..###
#####'####...##.######..##
#.....###.....# ##..#
#.._..# #.##### ##.#
#.....# #.. ####.# #######
##.. # #.>... #.??# #.
###....##.# #...# ......##
#.{


You could see a centaur.

Vanquished Creatures
  Prince Ribbit (D:8)
  Sigmund (D:3)
  2 shadows (D:9)
  6 yaks
  Grum (D:8)
  A steam dragon (D:5)
  A warg (D:8)
  Edmund (D:4)
  2 water moccasins (D:8)
  2 orc warriors
  5 ice beasts
  A black bear (D:6)
  A sky beast (D:5)
  3 wolves (D:8)
  A phantom (D:6)
  4 ogres
  A centaur (D:5)
  3 kobold brigands
  A bullfrog (D:8)
  6 scorpions
  3 wights (D:6)
  14 killer bees
  2 howler monkeys
  A hound (D:4)
  4 orc priests
  2 jellies
  3 iguanas (D:5)
  6 orc wizards
  8 mummies (Ossuary)
  7 adders
  7 gnolls
  2 white imps
  A worm (D:4)
  A dart slug (D:2)
  33 orcs
  5 endoplasms
  A giant cockroach (D:3)
  6 goblins
  6 hobgoblins
  A jackal (D:5)
  7 quokkas
  2 ball pythons
  4 bats
  11 frilled lizards
  2 hobgoblin zombies (Ossuary)
  19 kobolds
  2 kobold zombies (Ossuary)
  6 orc zombies
  8 rats
218 creatures vanquished.

Vanquished Creatures (others)
  5 plants
5 creatures vanquished.

Grand Total: 223 creatures vanquished

Notes
Turn   | Place    | Note
-------+----------+-------------------------------------------
     0 | D:1      | Bnni the Octopode Fighter began the quest for the Orb.
     0 | D:1      | Reached XP level 1. HP: 16/16 MP: 1/1
   334 | D:1      | Reached XP level 2. HP: 3/21 MP: 2/2
   969 | D:1      | Found a faded altar of an unknown god.
  1387 | D:2      | Reached skill level 3 in Unarmed Combat
  1488 | D:2      | Reached XP level 3. HP: 26/26 MP: 3/3
  1739 | D:2      | HP: 1/26 [poisoned by an adder]
  2459 | D:3      | Reached XP level 4. HP: 33/33 MP: 4/4
  2465 | D:3      | Reached skill level 4 in Unarmed Combat
  2561 | D:3      | Found an iron altar of Okawaru.
  2718 | D:3      | Noticed Sigmund
  2726 | D:3      | Killed Sigmund
  2727 | D:3      | Reached skill level 5 in Unarmed Combat
  2727 | D:3      | Reached XP level 5. HP: 24/38 MP: 5/5
  2727 | D:3      | Reached XP level 6. HP: 28/44 MP: 6/6
  3682 | D:4      | Found a sparkling altar of Nemelex Xobeh.
  3957 | D:4      | Reached skill level 5 in Fighting
  3957 | D:4      | Reached skill level 6 in Unarmed Combat
  4225 | D:4      | Found a staircase to the Ecumenical Temple.
  4228 | D:4      | Noticed Edmund
  4239 | D:4      | Reached XP level 7. HP: 27/50 MP: 7/7
  4250 | Temple   | Entered the Ecumenical Temple
  4643 | Temple   | Became a worshipper of Gozag Ym Sagoz the Greedy
  4664 | D:4      | Killed Edmund
  5095 | D:5      | Entered Level 5 of the Dungeon
  5270 | D:5      | Reached skill level 7 in Unarmed Combat
  5327 | D:5      | Reached XP level 8. HP: 37/57 MP: 8/8
  5567 | D:5      | Reached skill level 8 in Unarmed Combat
  6194 | D:5      | Found a hide-covered altar of Uskayaw.
  6921 | D:6      | Reached skill level 9 in Unarmed Combat
  7042 | D:6      | Reached XP level 9. HP: 15/64 MP: 9/9
  7556 | D:6      | Got the Compendium of the Evil Snowflakes
  7866 | D:6      | Reached skill level 10 in Unarmed Combat
  8824 | D:7      | Found a sand-covered staircase.
  8915 | Ossuary  | Entered an ossuary
  9486 | D:7      | Reached skill level 11 in Unarmed Combat
  9922 | D:8      | Found a basalt altar of Yredelemnul.
  9934 | D:8      | Reached XP level 10. HP: 66/72 MP: 10/10
 10011 | D:7      | Learned a level 2 spell: Wereblood
 10020 | D:7      | Bought the ring "Afost" {rF+ Str+4 Dex+4 Slay+2} for 686
                  | gold pieces
 10101 | D:8      | Noticed Grum
 10113 | D:8      | Killed Grum
 10117 | D:8      | Reached skill level 5 in Dodging
 10342 | D:8      | Identified the +2 cloak "Woppief" {Harm rF+ rC+}
 10916 | D:8      | Noticed Prince Ribbit
 10920 | D:8      | Killed Prince Ribbit
 10932 | D:8      | Found Afaz Ivi's Magic Scroll Shoppe.
 10938 | D:8      | Bought a scroll of identify for 22 gold pieces
 10938 | D:8      | Bought a scroll of identify for 22 gold pieces
 10938 | D:8      | Bought a scroll of identify for 22 gold pieces
 10940 | D:8      | Identified 2 scrolls of acquirement
 10941 | D:8      | Acquired 1302 gold pieces
 10942 | D:8      | Acquired a manual of Unarmed Combat
 11233 | D:8      | Reached skill level 12 in Unarmed Combat
 11636 | D:9      | Found a staircase to the Lair.
 11925 | D:9      | Found a glowing silver altar of Zin.
 12003 | D:9      | Reached skill level 13 in Unarmed Combat
 12010 | D:9      | Shot with an arrow by a centaur

Illustrated notes

Levels and vault maps discovered:
D:1:      nagdon_arrival_double_spiral, layout_basic,
          hellmonk_ecumenical_altar_heavens_door, minmay_quantized
D:2:      minmay_evil_eye, layout_basic
D:3:      layout_rooms, okawaru_metal_pillars_1_2, minmay_increasing_density,
          uniq_sigmund
D:4:      layout_loops_ring, nicolae_overflow_crystal_walls,
          minmay_temple_entry_statues_fountains, nicolae_figureground_sparkle,
          uniq_edmund
D:5:      kennysheep_spiral_hall, layout_loops_ring, kennysheep_mini,
          minmay_lizard_king
D:6:      layout_cave_pods, chequers_serial_rivers_room_a,
          minmay_misc_feat_columns
D:7:      layout_basic, enter_ossuary_3, chequers_jeans, serial_bayou_lagoon_a
D:8:      layout_loops_ring, yredelemnul_altar_generic, serial_shops,
          nicolae_diamond_shop, uniq_prince_ribbit1, uniq_grum
D:9:      layout_rooms, zin_scriptorium, erik_lair_orcish_takeover
Temple:   nicolae_temple_elliptical

Skill      XL: |  1  2  3  4  5  6  7  8  9 10 |
---------------+-------------------------------+-----
Unarmed Combat | 3 5 6 7 9 11 13 | 13.0
Fighting       | 4 5 7 8 9 |  9.3
Dodging        | 4 6 |  6.2
Shields        | |  3.0

Action                   |  1- 3 |  4- 6 |  7- 9 | 10-12 || total
-------------------------+-------+-------+-------+-------++-------
Melee: Unarmed           |    64 |    86 |   260 |    97 ||   507
       Constrict         |    18 |    26 |    69 |    17 ||   130
       Tentacles         |    11 |    14 |    83 |    20 ||   128
       Punch             |     2 |     5 |    24 |     9 ||    40
Throw: Dart              |       |       |    11 |       ||    11
Invok: Call Merchant     |       |       |       |     2 ||     2
  Use: Potion            |     2 |       |     2 |     3 ||     7
       Scroll            |       |     5 |     8 |    10 ||    23
 Stab: Sleeping          |    12 |     4 |     2 |     1 ||    19
Armor: Skin              |     7 |     2 |     9 |     3 ||    21
Dodge: Dodged            |    25 |    47 |   131 |    71 ||   274
Block: Buckler           |     8 |    16 |    14 |    21 ||    59

Table legend: (Time is in decaauts)
 A = Elapsed time spent in this place.
 B = Non-inter-level travel time spent in this place.
 C = Inter-level travel time spent in this place.
 D = Time resting spent in this place.
 E = Time spent auto-exploring this place.
 F = Levels seen in this place.
 G = Mean time per level.
                   A        B        C        D        E       F      G
               +--------+--------+--------+--------+--------+-----+--------+
         Total |  11953 |  11678 |    275 |   3115 |   6970 |  11 | 1086.6 |
       Dungeon |  11046 |  10791 |    255 |   2943 |   6399 |   9 | 1227.3 |
        Temple |    404 |    384 |     20 |      0 |    369 |   1 |  404.0 |
       Ossuary |    502 |    502 |      0 |    172 |    202 |   1 |  502.0 |
               +--------+--------+--------+--------+--------+-----+--------+

Top non-repeatable levels by time:
     D:5: 1782 daAuts
     D:8: 1660 daAuts
     D:6: 1622 daAuts
     D:1: 1327 daAuts
     D:3: 1216 daAuts
     D:2: 1105 daAuts
     D:4: 1036 daAuts
     D:7: 899 daAuts
 Ossuary: 502 daAuts
  Temple: 404 daAuts
     D:9: 397 daAuts
